 Dungeon Crawl Stone Soup version 0.30-a0-364-gf6b3ef1049 (webtiles) character file.

Game seed: 16486137674143759215

12210 ytrimaz the Protected (level 12, -4/81 HPs)
             Began as a Formicid Fighter on Nov 15, 2022.
             Was a High Priest of Okawaru.
             Slain by a spatial maelstrom (8 damage)
             ... on level 2 of the Abyss.
             The game lasted 00:13:41 (11918 turns).

ytrimaz the Protected (Formicid Fighter)           Turns: 11918, Time: 00:13:42

Health: -4/81      AC: 23    Str: 30    XL:     12   Next: 17%
Magic:  1/12       EV: 12    Int:  7    God:    Okawaru [*****.]
Gold:   693        SH:  5    Dex: 12    Spells: 11/11 levels left

rFire   . . .      SeeInvis +    a - +0 war axe
rCold   . . .      Faith    .    c - +0 buckler
rNeg    . . .      Spirit   .    r - +0 plate armour
rPois   .          Reflect  .    (helmet unavailable)
rElec   .          Harm     .    t - +2 cloak
rCorr   .          Rampage  .    h - +0 pair of gloves {infuse}
Will    +....                    v - +0 pair of boots
Stlth   ..........               l - amulet of regeneration
HPRegen 1.13/turn                j - +4 ring of evasion
MPRegen 0.13/turn                y - ring of flight

@: mighty, flying
A: permanent stasis, dig shafts and tunnels, antennae 3, four strong arms,
mutation resistance 1, strong 1
a: Dig, Shaft Self, Renounce Religion, Heroism, Finesse, Duel


You were on level 2 of the Abyss.
You worshipped Okawaru.
Okawaru was extremely pleased with you.
You visited 2 branches of the dungeon, and saw 12 of its levels.
You visited the Abyss 1 time.
You also visited: Ice Cave.

You collected 693 gold pieces.


Innate Abilities, Weirdness & Mutations

You cannot be hasted, slowed, berserked, paralysed or teleported.
You can dig through walls and to a lower floor.
You have a pair of large antennae on your head. (SInv)
Your four strong arms can wield two-handed weapons with a shield.
You are somewhat resistant to further mutation.
Your muscles are strong. (Str +4, Int/Dex -1)


   Skills:
 - Level 3.2 Fighting
 + Level 13.3 Axes
 + Level 14.6 Armour
 - Level 4.0 Shields


You had 11 spell levels left.
You didn't know any spells.
Your spell library contained the following spells:

 Spells                   Type           Power      Damage    Failure   Level
 Beastly Appendage        Tmut           0%         N/A       97%         1
 Cigotuvi's Dreadful Rot  Necr/Pois/Air  0%         N/A       99%         2
 Poisonous Vapours        Pois/Air       0%         N/A       99%         2
 Wereblood                Tmut           0%         N/A       99%         2
 Mephitic Cloud           Conj/Pois/Air  0%         N/A       100%        3
 Spider Form              Tmut/Pois      0%         N/A       100%        3
 Stone Arrow              Conj/Erth      0%         3d7       100%        3
 Manifold Assault         Tloc           0%         N/A       100%        4
 Storm Form               Tmut/Air       0%         N/A       100%        7
 Lehudib's Crystal Spear  Conj/Erth      0%         10d2      100%        8
 Blink                    Tloc           Unusable   N/A       N/A         2
 Animate Armour           Summ/Erth      Unusable   N/A       N/A         4

Inventory:

Hand Weapons
 a - a +0 war axe (weapon)
 w - a +4 battleaxe
   (You took it off a wight on level 8 of the Dungeon)
Missiles
 x - 3 silver javelins
Armour
 c - a +0 buckler (worn)
 h - a +0 pair of gloves of infusion (worn)
   (Okawaru gifted it to you on level 2 of the Abyss)
 r - a +0 plate armour (worn)
   (You found it on level 4 of the Dungeon)
 t - a +2 cloak (worn)
   (You took it off Crazy Yiuf on level 5 of the Dungeon)
 v - a +0 pair of boots (worn)
   (You found it on level 7 of the Dungeon)
 A - a +0 kite shield
   (You found it on level 9 of the Dungeon)
Jewellery
 j - a +4 ring of evasion (left hand)
   (You found it on level 3 of the Dungeon)
 l - an amulet of regeneration (around neck)
   (You found it on level 7 of the Dungeon)
 o - a ring of wizardry
   (You found it on level 3 of the Dungeon)
 y - a ring of flight (right hand)
   (You found it on level 9 of the Dungeon)
Wands
 g - a wand of flame (31) (quivered)
   (You took it off Ijyb on level 3 of the Dungeon)
 n - a wand of acid (4)
   (You found it on level 1 of the Dungeon)
 s - a wand of iceblast (11)
   (You found it on level 5 of the Dungeon)
 z - a wand of polymorph (5)
   (You found it on level 10 of the Dungeon)
 B - a wand of mindburst (5)
   (You found it on level 9 of the Dungeon)
Scrolls
 b - 2 scrolls of fear
 e - a scroll of enchant armour
 u - 4 scrolls of identify
 C - a scroll of amnesia
Potions
 d - 2 potions of might
 f - 4 potions of brilliance
 i - 6 potions of attraction
 k - 2 potions of heal wounds
 m - 2 potions of ambrosia
 p - a potion of mutation
 q - 4 potions of curing

Dungeon Overview and Level Annotations

Branches:
Dungeon (11/15) Zot: 26624  Temple (1/1) D:4 Zot: 5794    Lair (0/5) D:9
    Orc (0/2) D:9           IceCv (visited)

Altars:
Ashenzari
Cheibriados
Dithmenos
Elyvilon
Fedhas
Gozag
Hepliaklqana
Kikubaaqudgha
Makhleb
Nemelex Xobeh
Okawaru
Qazlal
Ru
Sif Muna
Trog
Uskayaw
Vehumet
Wu Jian
Xom
Yredelemnul
Zin
The Shining One

Shops:
D:2

* ...#{. .
..v.....
###.. ...#
#..3# { #~5##
{{#3รท## {
#####.5Z#
#.~.53X## #..
.#v@.# .
...#.v.......
##.
#โ™ฃ...#..##
. ##### ## ..
{


You could see a spatial maelstrom, a spatial vortex, a large abomination, a
sixfirhy, a neqoxec, a ynoxinul, 3 ufetubi and a harpy skeleton.


Message History

You block the spatial maelstrom's attack. x2
The ynoxinul gestures.
The ynoxinul hits you.
A spatial vortex comes into view. ๐Ÿ˜• HP[-1] MP[-1]
You take 1 damage, and now have 76/81 hp.
You lost 1 mp, and now have 8/12 mp.
You slash the ynoxinul! You slash the ufetubus!
You kill the ufetubus!
The ufetubus disappears in a puff of smoke!
The ynoxinul hits you but does no damage. ๐Ÿ˜• HP[+1] MP[-2]
You lost 2 mp, and now have 6/12 mp.
Unknown command.
You slice the ynoxinul!!
You kill the ynoxinul!
Okawaru accepts your kill.
The ufetubus disappears in a puff of smoke! x4
You barely miss the spatial maelstrom.
The spatial maelstrom hits you but does no damage. x2
A sixfirhy comes into view. ๐Ÿ˜• HP[+1] MP[-1]
You lost 1 mp, and now have 5/12 mp.
Unknown command.
The harpy skeleton closely misses you.
The harpy skeleton claws you but does no damage.
The harpy skeleton completely misses you.
The harpy skeleton claws you but does no damage.
A spatial vortex comes into view.
You block the large abomination's attack.
The harpy skeleton completely misses you.
The harpy skeleton closely misses you.
You block the spatial maelstrom's attack.
The spatial maelstrom closely misses you. ๐Ÿ˜• HP[+1] Unknown command.
The harpy skeleton claws you.
The harpy skeleton claws you but does no damage.
The harpy skeleton barely misses you.
The harpy skeleton claws you but does no damage.
A tentacled starspawn comes into view.
The ynoxinul gestures.
You see here a raiju skeleton. ๐Ÿ˜• HP[-5] MP[+1]
You take 5 damage, and now have 74/81 hp.
Unknown command.
The harpy skeleton claws you but does no damage. x2
The spatial maelstrom hits you but does no damage.
The spatial maelstrom closely misses you. ๐Ÿ˜• HP[+2]
You regained 2 hp, and now have 76/81 hp.
The ufetubus attacks as you move away! You block the ufetubus's attack.
The ufetubus hits you but does no damage.
The spatial maelstrom attacks as you move away!
The spatial maelstrom hits you but does no damage.
The spatial maelstrom closely misses you. ๐Ÿ˜• HP[+1]
The sixfirhy hits you. The sixfirhy shocks you!
The sixfirhy hits you but does no damage.
The spatial maelstrom hits you! Space warps horribly around you!
The spatial maelstrom hits you but does no damage.
A spatial vortex comes into view. ๐Ÿ˜ฎ HP[-35]
You take 35 damage, and now have 42/81 hp.
MASSIVE DAMAGE!! (PAUSE)
Okay, then.
Okay, then.
Unknown command.
Okay, then.
You feel very mighty all of a sudden.
The sixfirhy hits you but does no damage.
The spatial maelstrom misses you.
The spatial maelstrom barely misses you. ๐Ÿ˜ฎ HP[+1] Unknown command.
Unknown command.
Unknown command.
You hit the large abomination. You slash the spatial vortex!
You slice the sixfirhy!! You barely miss the spatial maelstrom.
You block the large abomination's attack.
The spatial vortex hits you but does no damage.
The spatial maelstrom hits you but does no damage.
The spatial maelstrom hits you.
* * * LOW HITPOINT WARNING * * *
Unknown command. ๐Ÿ˜จ HP[-4] MP[-3]
You take 4 damage, and now have 39/81 hp.
You lost 3 mp, and now have 3/12 mp.
Unknown command.
You barely miss the large abomination. You slash the spatial vortex!
You closely miss the sixfirhy. You slash the spatial maelstrom!
The large abomination hits you!!
* * * LOW HITPOINT WARNING * * *
The spatial maelstrom hits you!
* * * LOW HITPOINT WARNING * * *
Space warps around you.
* * * LOW HITPOINT WARNING * * *
The spatial maelstrom hits you!
You die...

Skill      XL: |  1  2  3  4  5  6  7  8  9 10 11 |
---------------+----------------------------------+-----
Axes           | 3 4 5 6 7 9 11 13 | 13.3
Armour         | 4 5 6 7 9 10 12 14 | 14.6
Fighting       | |  3.2
Shields        | |  4.0

Action                   |  1- 3 |  4- 6 |  7- 9 | 10-12 || total
-------------------------+-------+-------+-------+-------++-------
Melee: War axe           |    41 |   215 |   213 |   621 ||  1090
Invok: Heroism           |       |       |       |     9 ||     9
Evoke: Wand              |       |     4 |     7 |     7 ||    18
  Use: Scroll            |       |    13 |     4 |     4 ||    21
       Potion            |       |     3 |     4 |     9 ||    16
 Stab: Invisible         |       |       |       |     3 ||     3
Armor: Scale mail        |    31 |   111 |       |       ||   142
       Skin              |       |    13 |    54 |       ||    67
       Plate armour      |       |    10 |   113 |   350 ||   473
Dodge: Dodged            |    22 |    90 |   113 |   385 ||   610
Block: Buckler           |    18 |    50 |    58 |   170 ||   296

Levels and vault maps discovered:
D:1:      shiori_arrival_oz, layout_rooms, minivault_5, interstate_on_off,
          serial_park_tiny_2
D:2:      layout_rooms, serial_shops, nicolae_shop_waterfront, fountainhead,
          uniq_terence, uniq_jessica
D:3:      layout_basic, mainiacjoe_overflow_alcove_2, minmay_door_square,
          uniq_ijyb
D:4:      layout_gridville, minmay_temple_entry_glass, uniq_sigmund
D:5:      layout_loops_ring, grunt_dithmenos_shadows,
          mainiacjoe_overflow_six_doors_small, uniq_crazy_yiuf_cottage
D:6:      lemuel_castle_with_subvaults [lemuel_castle_interior_carwin_2],
          layout_gridville, okawaru_metal_pillars_1_2, uniq_pikel
D:7:      layout_basic, lemuel_tele_altar, marbit_many_paths,
          nicolae_zen_rock_garden
D:8:      layout_rooms
D:9:      lemuel_ice_spiral_2, layout_rooms, lemuel_doored_altar,
          david_lair_shrubbed, hiddenorc1_lemuel, uniq_erica,
          uniq_prince_ribbit1
D:10:     layout_cave_pools, nicolae_overflow_hallway_of_the_gods
D:11:     cheibrodos_fzero, layout_cave_pools, portal_ice_cave_entry_imps,
          serial_shops, shop, chequers_decorated_corner, minmay_alternating_orb,
          uniq_lodul
Temple:   jpeg_temple_alley_garden
Abyss:2:  base:
D:4

Notes
Turn   | Place    | Note
-------+----------+-------------------------------------------
     0 | D:1      | ytrimaz the Formicid Fighter began the quest for the Orb.
     0 | D:1      | Reached XP level 1. HP: 18/18 MP: 1/1
     0 | D:1      | magus.rc [v1.9.6]
    44 | D:1      | Reached XP level 2. HP: 18/24 MP: 2/2
    70 | D:1      | You pick up a book of Armaments and begin reading...
    70 | D:1      | You add the spells Stone Arrow, Animate Armour and
                  | Lehudib's Crystal Spear to your library.
   147 | D:1      | You fall into a shaft and drop 1 floor!
   264 | D:2      | Noticed Jessica
   271 | D:2      | Killed Jessica
   272 | D:2      | Reached skill level 3 in Axes
   272 | D:2      | Reached skill level 4 in Armour
   272 | D:2      | Reached XP level 3. HP: 15/29 MP: 3/3
   420 | D:2      | Noticed Terence
   426 | D:2      | Killed Terence
   427 | D:2      | Reached XP level 4. HP: 26/35 MP: 4/4
   485 | D:2      | Found Isiovoeh's General Store.
  1016 | D:1      | You pick up a book of Vapours and begin reading...
  1016 | D:1      | You add the spells Poisonous Vapours, Cigotuvi's Dreadful
                  | Rot and Mephitic Cloud to your library.
  1137 | D:1      | Reached XP level 5. HP: 38/41 MP: 5/5
  1530 | D:3      | Reached skill level 4 in Axes
  1530 | D:3      | Reached skill level 5 in Armour
  1667 | D:3      | Noticed Ijyb
  1684 | D:3      | Killed Ijyb
  1689 | D:3      | You pick up a book of Changes and begin reading...
  1689 | D:3      | You add the spells Beastly Appendage, Wereblood and Spider
                  | Form to your library.
  1858 | D:3      | HP: 10/41 [orc/+0 dagger (3)]
  1867 | D:3      | HP: 9/41 [orc/+0 dagger (2)]
  2107 | D:3      | Reached XP level 6. HP: 24/47 MP: 6/6
  2860 | D:3      | Found a bloodstained altar of Trog.
  3221 | D:4      | Found a staircase to the Ecumenical Temple.
  3230 | Temple   | Entered the Ecumenical Temple
  3757 | D:4      | You add the spells Manifold Assault and Storm Form to your
                  | library.
  4013 | D:4      | Noticed Sigmund
  4024 | D:4      | Killed Sigmund
  4025 | D:4      | Reached skill level 5 in Axes
  4025 | D:4      | Reached skill level 6 in Armour
  4025 | D:4      | Reached XP level 7. HP: 45/52 MP: 7/7
  4154 | D:5      | Entered Level 5 of the Dungeon
  4425 | D:5      | Reached skill level 6 in Axes
  4425 | D:5      | Reached skill level 7 in Armour
  4483 | D:5      | Reached XP level 8. HP: 57/58 MP: 8/8
  4579 | D:5      | Found a hazy altar of Hepliaklqana.
  4634 | D:5      | Found a shadowy altar of Dithmenos.
  4785 | D:5      | Found a runed translucent door.
  4786 | D:5      | Noticed Crazy Yiuf
  5101 | D:5      | Killed Crazy Yiuf
  5207 | D:6      | Reached skill level 8 in Armour
  5315 | D:6      | Reached skill level 7 in Axes
  5338 | D:6      | Noticed Pikel
  5365 | D:6      | HP: 18/87 [lemure[Pikel] (5)]
  5366 | D:6      | Killed Pikel
  5367 | D:6      | Reached skill level 9 in Armour
  5367 | D:6      | Reached XP level 9. HP: 21/64 MP: 9/9
  5553 | D:6      | Found an iron altar of Okawaru.
  5607 | D:6      | Became a worshipper of Warmaster Okawaru
  5637 | D:6      | Reached skill level 8 in Axes
  5716 | D:6      | Reached * piety under Okawaru
  5813 | D:6      | Identified the +1 ring mail "Esazxifi" {Will+ Stlth+}
  5911 | D:6      | Reached skill level 10 in Armour
  5915 | D:6      | Noticed a two-headed ogre
  5938 | D:6      | Killed a two-headed ogre
  5938 | D:6      | Reached ** piety under Okawaru
  5939 | D:6      | Reached skill level 9 in Axes
  5939 | D:6      | Reached XP level 10. HP: 70/70 MP: 10/10
  6104 | D:6      | Reached skill level 11 in Armour
  6497 | D:6      | Reached skill level 10 in Axes
  6616 | D:6      | Identified a +1 robe of the Archmagi
  6873 | D:6      | Reached *** piety under Okawaru
  6941 | D:6      | HP: 15/62 [kobold brigand/+0 short sword (5)]
  7274 | D:6      | HP: 12/65 [ogre/+0 giant spiked club (25)]
  7512 | D:6      | Gained mutation: You are somewhat resistant to further
                  | mutation. [potion of mutation]
  7512 | D:6      | Gained mutation: Your muscles are strong. (Str +4, Int/Dex
                  | -1) [potion of mutation]
  7707 | D:7      | Reached skill level 12 in Armour
  7727 | D:7      | Reached skill level 11 in Axes
  7932 | D:7      | Found a glowing golden altar of the Shining One.
  8092 | D:7      | Found a shimmering blue altar of Sif Muna.
  8913 | D:8      | Reached XP level 11. HP: 70/75 MP: 11/11
  9063 | D:8      | Received a gift from Okawaru
  9078 | D:8      | Reached **** piety under Okawaru
  9153 | D:8      | Reached skill level 13 in Armour
  9480 | D:9      | Noticed Prince Ribbit
  9491 | D:9      | Killed Prince Ribbit
  9652 | D:9      | Reached skill level 12 in Axes
  9654 | D:9      | Found a staircase to the Lair.
  9813 | D:9      | Identified the +8 falchion of the Screaming Gods {flame,
                  | Str+8 Int-3 SInv}
  9898 | D:9      | Noticed Erica
  9910 | D:9      | Killed Erica
  9935 | D:9      | Found a shimmering altar of Xom.
 10058 | D:9      | Found a staircase to the Orcish Mines.
 10104 | D:10     | Entered Level 10 of the Dungeon
 10113 | D:10     | Noticed a two-headed ogre
 10124 | D:10     | Killed a two-headed ogre
 10323 | D:10     | Found a sparkling altar of Nemelex Xobeh.
 10326 | D:10     | Found an opulent altar of Gozag.
 10330 | D:10     | Found a white marble altar of Elyvilon.
 10330 | D:10     | Found a glowing silver altar of Zin.
 10336 | D:10     | Found a snail-covered altar of Cheibriados.
 10407 | D:10     | Reached ***** piety under Okawaru
 10715 | D:11     | Found a frozen archway.
 10737 | IceCv    | Entered an ice cave
 10760 | D:11     | Noticed a centaur warrior
 10917 | D:11     | Reached skill level 14 in Armour
 10917 | D:11     | Noticed a wizard
 10924 | D:10     | HP: 11/75 [centaur warrior (11)]
 10925 | D:10     | HP: 5/75 [centaur warrior (2)]
 10932 | D:10     | Killed a centaur warrior
 10940 | D:10     | HP: 16/75 [vampire mosquito (5)]
 11102 | D:11     | You are cast into the Abyss!
 11102 | Abyss:2  | Cast into level 2 of the Abyss (a wizard)
 11103 | Abyss:2  | Found a corrupted altar of Lugonu.
 11477 | Abyss:2  | Reached skill level 13 in Axes
 11477 | Abyss:2  | Reached XP level 12. HP: 72/81 MP: 9/12
 11484 | Abyss:2  | HP: 18/81 [raiju (8)]
 11496 | Abyss:2  | Received a gift from Okawaru
 11503 | Abyss:2  | HP: 19/81 [vampire/vampiric draining (16)]
 11509 | Abyss:2  | HP: 9/81 [vampire/vampiric draining (16)]
 11902 | Abyss:2  | Noticed a spatial maelstrom
 11910 | Abyss:2  | Noticed a sixfirhy
 11912 | Abyss:2  | Noticed a tentacled starspawn
 11918 | Abyss:2  | HP: 20/81 [large abomination (20)]
 11918 | Abyss:2  | HP: 8/81 [spatial maelstrom (12)]
 11918 | Abyss:2  | Slain by a spatial maelstrom

Vanquished Creatures
  A centaur warrior (D:10)
  2 two-headed ogres
  Pikel (D:6)
  An orange demon (Abyss:2)
  A komodo dragon (D:9)
  A kobold demonologist (D:10)
  A troll (D:10)
  4 raiju (Abyss:2)
  Prince Ribbit (D:9)
  3 small abominations (Abyss:2)
  Sigmund (D:4)
  A vampire (Abyss:2)
  A shadow (D:10)
  A wyvern (D:10)
  A ynoxinul (Abyss:2)
  8 yaks
  A wraith (D:10)
  A vampire mosquito (D:10)
  An acid dragon (D:11)
  4 orc warriors
  An ice beast (D:7)
  3 black bears
  9 ogres (D:6)
  3 centaurs
  4 phantoms (D:5)
  2 lemures (D:6)
  5 kobold brigands
  A necrophage (D:6)
  3 bullfrogs
  A gnoll sergeant (D:6)
  A scorpion (D:6)
  3 wights (D:8)
  9 killer bees (D:8)
  7 howler monkeys
  Crazy Yiuf (D:5)
  13 hounds
  7 orc priests
  3 iguanas
  5 gnoll boudas
  Jessica (D:2)
  Ijyb (D:3)
  9 orc wizards
  Terence (D:2)
  9 gnolls
  5 adders
  16 white imps
  An ufetubus (D:5)
  A worm (D:3)
  2 dart slugs
  41 orcs
  7 ball pythons
  7 endoplasms
  5 giant cockroaches
  4 goblins
  7 hobgoblins
  6 jackals
  9 quokkas
  8 bats
  8 frilled lizards
  12 kobolds
  5 rats
282 creatures vanquished.

Vanquished Creatures (others)
  Erica (D:9)
  A yak (D:7)
  2 small abominations (Abyss:2)
  A jelly (D:7)
  3 fungi (D:5)
  A lurking horror (Abyss:2)
  13 plants
22 creatures vanquished.

Grand Total: 304 creatures vanquished

Table legend:
 A = Non-vault XP
 B = Vault XP
 C = Vault XP percentage of total XP
 D = Non-vault monster count
 E = Vault monster count
 F = Vault count percentage of total count
                 A         B        C        D         E       F
            +---------+---------+-------+---------+---------+-------
      Total |    9602 |    7841 |  45.0 |     186 |      96 |  34.0
            +---------+---------+-------+---------+---------+-------
        D:1 |      47 |       1 |   2.1 |      29 |       1 |   3.3
        D:2 |      46 |      69 |  60.0 |      21 |       2 |   8.7
        D:3 |     171 |      35 |  17.0 |      24 |       1 |   4.0
        D:4 |     102 |     239 |  70.1 |      15 |       1 |   6.2
        D:5 |     546 |     149 |  21.4 |      16 |       2 |  11.1
        D:6 |     583 |    4343 |  88.2 |      16 |      51 |  76.1
        D:7 |    1046 |      33 |   3.1 |       8 |       1 |  11.1
        D:8 |    1874 |       0 |   0.0 |      20 |       0 |   0.0
        D:9 |     572 |    1285 |  69.2 |      12 |      20 |  62.5
       D:10 |    2148 |    1403 |  39.5 |      15 |       4 |  21.1
       D:11 |       0 |     284 | 100.0 |       0 |      13 | 100.0
    Abyss:2 |    2467 |       0 |   0.0 |      10 |       0 |   0.0
            +---------+---------+-------+---------+---------+-------

Illustrated notes

Table legend:
 A = Kills in this place as a percentage of kills in entire the game.
 B = Kills by you in this place as a percentage of kills by you in the entire game.
 C = Kills by friends in this place as a percentage of kills by friends in the entire game.
 D = Other kills in this place as a percentage of other kills in the entire game.
 E = Experience gained in this place as a percentage of experience gained in the entire game.
 F = Experience gained in this place divided by the number of levels of this place that you have seen.
                   A       B       C       D       E      F
               +-------+-------+-------+-------+-------+----------------------
         Total | 100.0 | 100.0 |   N/A | 100.0 | 100.0 | 1245.9
       Dungeon |  96.5 |  96.4 |   N/A | 100.0 |  85.9 | 1361.5
         Abyss |   3.5 |   3.6 |   N/A |   0.0 |  14.1 | 2467.0
               +-------+-------+-------+-------+-------+----------------------

Table legend: (Time is in decaauts)
 A = Elapsed time spent in this place.
 B = Non-inter-level travel time spent in this place.
 C = Inter-level travel time spent in this place.
 D = Time resting spent in this place.
 E = Time spent auto-exploring this place.
 F = Levels seen in this place.
 G = Mean time per level.
                   A        B        C        D        E       F      G
               +--------+--------+--------+--------+--------+-----+--------+
         Total |  12018 |  11760 |    258 |   1116 |   8165 |  14 |  858.4 |
       Dungeon |  11005 |  10754 |    251 |    485 |   7947 |  11 | 1000.5 |
        Temple |    205 |    198 |      7 |      0 |    193 |   1 |  205.0 |
         Abyss |    803 |    803 |      0 |    631 |     25 |   1 |  803.0 |
      Ice Cave |      2 |      2 |      0 |      0 |      0 |   1 |    2.0 |
               +--------+--------+--------+--------+--------+-----+--------+

Top non-repeatable levels by time:
     D:6: 2421 daAuts
     D:3: 1630 daAuts
     D:7: 1259 daAuts
     D:5: 1031 daAuts
    D:10: 892 daAuts
     D:1: 864 daAuts
     D:4: 845 daAuts
 Abyss:2: 803 daAuts
     D:2: 698 daAuts
     D:8: 655 daAuts
     D:9: 619 daAuts
  Temple: 205 daAuts
    D:11: 86 daAuts
   IceCv: 2 daAuts
